 Dungeon Crawl Stone Soup version 0.31-a0-233-g139696dc86 (webtiles) character file.

Game seed: 12301440253199065572

43 qw the Shooter (level 3, 0/21 HPs)
             Began as a Gargoyle Hexslinger on July 9, 2023.
             Slain by an orc wizard
             ... wielding a +0 dagger
              (2 damage)
             ... on level 2 of the Dungeon.
             The game lasted 00:00:26 (925 turns).

qw the Shooter (Gargoyle Hexslinger)                 Turns: 925, Time: 00:00:27

Health: 0/21       AC:  8    Str: 11    XL:     3   Next: 58%
Magic:  4/4        EV: 10    Int: 13    God:
Gold:   79         SH:  0    Dex: 14    Spells: 3/4 levels left

rFire   . . .        Y - +1 sling
rCold   . . .        (no shield)
rNeg    + + .        h - +0 ring mail
rPois   inf          (no helmet)
rElec   +            (no cloak)
rCorr   .            (no gloves)
SInv    .            (no boots)
Will    .....        (no amulet)
Stlth   +            i - ring of positive energy
HPRegen 0.23/turn    (no ring)
MPRegen 0.09/turn

%: no passive effects
@: no status effects
A: sickness immunity, AC +3, negative energy resistance 1, electricity
resistance, torment resistance 1, petrification resistance
a: no special abilities


You were on level 2 of the Dungeon.
You visited 1 branch of the dungeon, and saw 2 of its levels.

You collected 79 gold pieces.


Innate Abilities, Weirdness & Mutations

You are immune to sickness and miasma.
Your stone body is resilient. (AC +3)
You are immune to poison.
You resist negative energy. (rN+)
You are resistant to electric shocks. (rElec)
You are resistant to unholy torment.
You are immune to petrification.


   Skills:
 - Level 2.0 Fighting
 + Level 3.5 Ranged Weapons
 - Level 1.5 Dodging
 - Level 1.0 Spellcasting
 - Level 2.6 Hexes


You had 3 spell levels left.
You knew the following spells:

 Your Spells              Type           Power      Damage    Failure   Level
a - Slow                  Hex            28%        N/A       22%         1

Your spell library contained the following spells:

 Spells                   Type           Power      Damage    Failure   Level
 Inner Flame              Hex/Fire       4%         N/A       75%         3
 Portal Projectile        Hex/Tloc       8%         N/A       75%         3
 Cause Fear               Hex            3%         N/A       92%         4

Inventory:

Hand Weapons
 Y - a +1 sling (weapon)
Armour
 b - a +0 robe of cold resistance
 h - a +0 ring mail (worn)
Jewellery
 i - a ring of positive energy (left hand)
Scrolls
 a - a scroll of identify
Potions
 c - 2 potions of mutation {unknown}
 g - a potion of lignification {unknown}
 j - a potion of heal wounds {unknown}

Dungeon Overview and Level Annotations

Branches:
Dungeon (2/15)

Altars:


Message History

You shoot a sling bullet. You shoot a sling bullet.
The sling bullet barely misses the orc.
You hear some strange, mumbled words.
Something tries to affect you, but you resist.
You shoot a sling bullet. The sling bullet hits the orc.
You kill the orc!
You hear some strange, mumbled words.
Something tries to affect you, but you resist.
Something hits you but does no damage.
The orc priest calls down the wrath of Beogh upon you.
You are unaffected.
You shoot a sling bullet.
You hear some strange, mumbled words.
A magic dart appears from out of thin air!
The magic dart hits you.
You shoot a sling bullet.
The sling bullet hits the orc priest but does no damage.
Something hits you.
The orc priest invokes the aid of Beogh against you.
Beogh smites you!
Ouch! That really hurt!
You shoot a sling bullet.
The sling bullet barely misses the orc priest.
You hear some strange, mumbled words.
You are confused.
The orc priest hits you but does no damage.
Something hits you but does no damage.
The orc priest hits you with a +0 dagger.
923 ||| DRINKING potion of curing.
You feel better.
923 ||| (to cure confusion)
Something hits you. The orc priest barely misses you.
You shoot a sling bullet.
The sling bullet barely misses the orc priest.
Something hits you but does no damage.
The orc priest mumbles some strange prayers to Beogh against you.
Pain shoots through your body!
You shoot a sling bullet.
The sling bullet closely misses the orc priest.
Something hits you.
You die...

######..##...........
##.# ####.#....#
#.###......##.
#.##..#.####
#....##.# #
#.%.#####.###...
......## #......#
#####. ####..##### #.
#o@...# #.#o{#..##
#.#.##.## #.#) #.# %
..# .. #### .# ..


You could see an orc priest and an orc.

Vanquished Creatures
  An adder (D:2)
  2 orcs (D:2)
  An endoplasm (D:1)
  2 giant cockroaches (D:2)
  2 hobgoblins
  4 ball pythons
  9 bats
  5 frilled lizards
  5 goblins
  A kobold (D:1)
  3 rats (D:1)
35 creatures vanquished.

Notes
Turn   | Place    | Note
-------+----------+-------------------------------------------
     0 | D:1      | qw the Gargoyle Hexslinger began the quest for the Orb.
     0 | D:1      | Reached XP level 1. HP: 12/12 MP: 2/2
     0 | D:1      | 0 ||| qw: Version: 0.3-a-51-g015441d
     0 | D:1      | 0 ||| qw: Game counter: 3878
     0 | D:1      | 0 ||| qw: Melee chars always use a shield: true
     0 | D:1      | 0 ||| qw: God list: Okawaru
     0 | D:1      | 0 ||| qw: Allow faded altars: false
     0 | D:1      | 0 ||| qw: Do Orc after clearing Dungeon:15 true
     0 | D:1      | 0 ||| qw: Do second Lair branch before Depths: true
     0 | D:1      | 0 ||| qw: Lair rune preference: random
     0 | D:1      | 0 ||| qw: Goals: Normal
     0 | D:1      | 0 ||| PLANNING D:1-11
   245 | D:1      | Reached XP level 2. HP: 16/16 MP: 3/3
   530 | D:1      | Reached skill level 3 in Ranged Weapons
   666 | D:1      | 666 ||| UPGRADING to +0 ring mail.
   676 | D:1      | 676 ||| DROPPING +0 robe.
   677 | D:1      | 677 ||| UPGRADING to ring of positive energy.
   678 | D:1      | 678 ||| READING 3 scrolls labelled GOLEFF PIWK.
   679 | D:1      | 679 ||| READING scroll labelled LAEMUT OREQYIB.
   680 | D:1      | 680 ||| READING scroll labelled PIXUMA CIFETT.
   683 | D:1      | 683 ||| READING 2 scrolls of identify.
   683 | D:1      | 683 ||| IDENTIFYING fuming yellow potion
   684 | D:1      | 684 ||| DROPPING scroll of poison.
   828 | D:2      | Reached XP level 3. HP: 21/21 MP: 4/4
   921 | D:2      | HP: 5/21 [orc priest/divine providence (11)]
   922 | D:2      | HP: 1/21 [orc priest/+0 dagger (4)]
   923 | D:2      | 923 ||| DRINKING potion of curing.
   923 | D:2      | 923 ||| (to cure confusion)
   925 | D:2      | Slain by an orc wizard

Levels and vault maps discovered:
D:1:      lightli_arrival_farm, layout_basic
D:2:      layout_rooms, grunt_decor_fettered, minmay_misc_feat_five

Skill      XL: |  1  2 |
---------------+-------+-----
Ranged Weapons | 3 |  3.5
Fighting       | 2 |  2.0
Dodging        | |  1.5
Spellcasting   | |  1.0
Hexes          | |  2.6

Action                     || total
---------------------------++-------
   Fire: Sling             ||   102
    Use: Scroll            ||     4
         Potion            ||     1
 Armour: Robe              ||     4
         Ring mail         ||    20
  Dodge: Dodged            ||    25

Table legend:
 A = Non-vault XP
 B = Vault XP
 C = Vault XP percentage of total XP
 D = Non-vault monster count
 E = Vault monster count
 F = Vault count percentage of total count
                 A         B        C        D         E       F
            +---------+---------+-------+---------+---------+-------
      Total |      62 |       0 |   0.0 |      35 |       0 |   0.0
            +---------+---------+-------+---------+---------+-------
        D:1 |      19 |       0 |   0.0 |      16 |       0 |   0.0
        D:2 |      43 |       0 |   0.0 |      19 |       0 |   0.0
            +---------+---------+-------+---------+---------+-------
